 Dungeon Crawl Stone Soup version 0.22.1-1-ga44c0e56f4 (webtiles) character file.

3581 Mjsee792 the Blocker (level 9, 0/82 HPs)
             Began as a Minotaur Fighter on Oct 14, 2018.
             Was an Elder of Okawaru.
             Slain by a two-headed ogre
             ... wielding a +0 giant club
              (4 damage)
             ... on level 9 of the Dungeon.
             The game lasted 00:17:22 (6411 turns).

Mjsee792 the Blocker (Minotaur Fighter)             Turns: 6411, Time: 00:17:22

Health: 0/82       AC: 16    Str: 22    XL:     9   Next: 84%
Magic:  8/8        EV:  6    Int:  5    God:    Okawaru [****..]
Gold:   598        SH: 13    Dex: 12    Spells: 8/8 levels left

rFire    + . .     SeeInvis .   a - +1 long sword (slice)
rCold    + . .     Gourm    .   c - +1 shield
rNeg     . . .     Faith    .   D - +0 plate armour
rPois    .         Spirit   .   (helmet restricted)
rElec    .         Reflect  .   t - +0 cloak
rCorr    .         Harm     .   (no gloves)
MR       .....                  (no boots)
Stlth    ..........             (no amulet)
HPRegen  0.23/turn              u - ring of protection from fire
MPRegen  0.11/turn              x - ring of protection from cold

@: about to teleport
A: retaliatory headbutt, horns 2
a: Heroism, Renounce Religion


You were on level 9 of the Dungeon.
You worshipped Okawaru.
Okawaru was greatly pleased with you.
You were not hungry.

You visited 2 branches of the dungeon, and saw 10 of its levels.

You collected 598 gold pieces.

Inventory:

Hand Weapons
 a - a +1 long sword of slicing (weapon)
Armour
 c - a +1 shield (worn)
 t - a +0 cloak (worn)
 D - a +0 plate armour (worn)
Jewellery
 n - an uncursed ring of protection from fire
 p - an uncursed ring of stealth
 u - a ring of protection from fire (left hand)
 x - a ring of protection from cold (right hand)
Wands
 s - a wand of flame (12)
Scrolls
 g - 5 scrolls of teleportation
 h - 2 scrolls of enchant armour
 l - 3 scrolls of remove curse
 m - a scroll of identify
 r - a scroll of magic mapping
 y - a scroll of amnesia
 C - a scroll of enchant weapon
Potions
 b - a potion of resistance {unknown}
 d - a potion of might
 e - 6 potions of heal wounds
 i - 3 potions of ambrosia
 j - a potion of haste
 k - 3 potions of lignification
 o - 2 potions of agility
 q - a potion of berserk rage {unknown}
 v - a potion of invisibility
 w - a potion of curing {unknown}
 z - a potion of mutation {unknown}
 A - 2 potions of flight
 B - 2 potions of brilliance {unknown}
Comestibles
 f - 7 rations
 E - 2 chunks of flesh


   Skills:
 + Level 8.9 Fighting
 - Level 2.4 Long Blades
 + Level 10.3 Armour
 + Level 11.6 Shields


You had 8 spell levels left.
You didn't know any spells.
Your spell library contained the following spells:

 Spells                   Type           Power        Failure   Level  Hunger
 Beastly Appendage        Tmut           #.....       100%        1    ##.....
 Freeze                   Ice            #...         100%        1    ##.....
 Sting                    Conj/Pois      #...         100%        1    ##.....
 Poisonous Vapours        Pois/Air       #.....       100%        2    ###....
 Sticks to Snakes         Tmut           #.......     100%        2    ###....
 Throw Frost              Conj/Ice       #.....       100%        2    ###....
 Mephitic Cloud           Conj/Pois/Air  #.......     100%        3    ####...
 Ozocubu's Armour         Chrm/Ice       #.......     100%        3    ####...
 Spider Form              Tmut/Pois      #.........   100%        3    ####...
 Ice Form                 Ice/Tmut       #.......     100%        4    #####..
 Olgreb's Toxic Radiance  Pois           #.......     100%        4    #####..
 Summon Ice Beast         Ice/Summ       #.......     100%        4    #####..
 Throw Icicle             Conj/Ice       #.......     100%        4    #####..
 Blade Hands              Tmut           #.........   100%        5    ######.
 Venom Bolt               Conj/Pois      #.........   100%        5    ######.


Dungeon Overview and Level Annotations

Branches:
Dungeon (9/15)             Temple (1/1) D:4             Orc (0/2) D:9
   Lair: D:8-11

Altars:
Ashenzari
Cheibriados
Dithmenos
Elyvilon
Fedhas
Gozag
Hepliaklqana
Kikubaaqudgha
Makhleb
Nemelex Xobeh
Okawaru
Qazlal
Ru
Sif Muna
Trog
Uskayaw
Vehumet
Wu Jian
Xom
Yredelemnul
Zin
The Shining One

Shops:
D:9 ([


Innate Abilities, Weirdness & Mutations

You reflexively headbutt those who attack you in melee.
You have a pair of horns on your head.


Message History

A two-headed ogre comes into view.
It is wielding a giant spiked club and a The wyvern hisses menacingly.
You block the wyvern's attack.
You open the door. The wyvern bites you.
* * * LOW HITPOINT WARNING * * *
You block the wyvern's attack.
An ice beast comes into view.
The two-headed ogre hits you with a giant spiked club!
* * * LOW HITPOINT WARNING * * *
The two-headed ogre closely misses you.
There is an open door, spattered with blood here.
You block the two-headed ogre's attack.
The two-headed ogre hits you but does no damage.
You block the wyvern's attack.
As you read the scroll of teleportation, it crumbles to dust.
You feel strangely unstable.
The wyvern bites you but does no damage.
The two-headed ogre hits you but does no damage.
The two-headed ogre hits you with a giant club.
You die...

#....#####'##...........
#......+.....#...........
#......#.....######......
#......#......# .#......
# ###### #.....##
..#.....) #
#...###.....##...# #
#..........OY....# #
#.........Ol##...# #
#..........@## ..# #
#................# #
#................'. #
#................#.. #
####.####....#..#..## #
###.##.####....#######
.#.....#........#
.#.....#........#
.'.....#........#


You could see 2 two-headed ogres, a wyvern and an ice beast.

Vanquished Creatures
  3 hungry ghosts
  A sky beast (D:7)
  3 orc warriors
  2 ice beasts
  2 black bears
  5 ogres
  3 centaurs
  2 bullfrogs
  A gnoll sergeant (D:6)
  2 big kobolds
  A water moccasin skeleton (D:4)
  2 scorpions
  2 howler monkeys
  2 bullfrog zombies
  5 crimson imps
  An orc priest (D:7)
  A jelly (D:5)
  Crazy Yiuf (D:5)
  3 gnoll shamans (D:6)
  2 hounds
  6 orc wizards
  A worker ant (D:5)
  34 gnolls (D:6)
  7 adders
  An ooze (D:3)
  3 adder skeletons
  5 worms
  2 dart slugs (D:1)
  3 leopard geckos
  34 orcs
  3 giant cockroaches
  7 goblins
  5 hobgoblins
  20 jackals
  15 kobolds
  5 quokkas
  A ball python (D:3)
  6 bats
  4 frilled lizards
  5 rats
211 creatures vanquished.

Notes
Turn   | Place    | Note
-------+----------+-------------------------------------------
     0 | D:1      | Mjsee792 the Minotaur Fighter began the quest for the Orb.
     0 | D:1      | Reached XP level 1. HP: 19/19 MP: 0/0
   113 | D:1      | Reached XP level 2. HP: 27/27 MP: 1/1
   174 | D:1      | Reached skill level 4 in Shields
   355 | D:1      | Reached XP level 3. HP: 32/33 MP: 2/2
  1138 | D:3      | Reached XP level 4. HP: 41/41 MP: 3/3
  1631 | D:4      | Noticed an ice beast
  1644 | D:4      | Killed an ice beast
  1644 | D:4      | Reached skill level 5 in Fighting
  1644 | D:4      | Reached skill level 5 in Armour
  1644 | D:4      | Reached skill level 5 in Shields
  1644 | D:4      | Reached XP level 5. HP: 39/48 MP: 4/4
  1676 | D:4      | Found a staircase to the Ecumenical Temple.
  1684 | Temple   | Entered the Ecumenical Temple
  1752 | Temple   | Became a worshipper of Warmaster Okawaru
  1895 | D:4      | Got an ichor-stained fustibalus
  1896 | D:4      | Identified the +6 fustibalus "Gimimmauty" {venom, Stlth+}
                  | (You found it on level 4 of the Dungeon)
  2011 | D:4      | Reached XP level 6. HP: 44/56 MP: 5/5
  2142 | D:5      | Entered Level 5 of the Dungeon
  2158 | D:5      | Reached skill level 6 in Shields
  2240 | D:5      | Reached * piety under Okawaru
  2244 | D:5      | Reached XP level 7. HP: 46/62 MP: 6/6
  2469 | D:5      | Found a runed door.
  2519 | D:5      | Noticed Crazy Yiuf
  2527 | D:5      | Killed Crazy Yiuf
  2527 | D:5      | Reached ** piety under Okawaru
  2527 | D:5      | Reached skill level 7 in Shields
  2711 | D:5      | Found a burning altar of Makhleb.
  2766 | D:6      | Found a basalt altar of Yredelemnul.
  2796 | D:6      | Found a glowing silver altar of Zin.
  3112 | D:6      | Reached XP level 8. HP: 55/71 MP: 7/7
  3153 | D:6      | Reached skill level 8 in Shields
  3948 | D:6      | Reached skill level 9 in Shields
  4271 | D:7      | Reached *** piety under Okawaru
  4304 | D:7      | Reached XP level 9. HP: 68/81 MP: 8/8
  4610 | D:7      | Reached skill level 10 in Shields
  5689 | D:8      | Reached **** piety under Okawaru
  5733 | D:8      | Found a bloodstained altar of Trog.
  5736 | D:8      | Found a snail-covered altar of Cheibriados.
  6003 | D:8      | Reached skill level 11 in Shields
  6072 | D:9      | Reached skill level 10 in Armour
  6240 | D:9      | Found Jiruo's Armour Emporium.
  6240 | D:9      | Found a staircase to the Orcish Mines.
  6340 | D:9      | Found Tiris's Weapon Emporium.
  6382 | D:9      | Noticed a two-headed ogre
  6404 | D:9      | Noticed a two-headed ogre
  6408 | D:9      | HP: 4/82 [two-headed ogre/giant spiked club (14)]
  6411 | D:9      | Slain by a two-headed ogre

Skill      XL: |  1  2  3  4  5  6  7  8  9 |
---------------+----------------------------+-----
Fighting       | 4 5 6 7 8 |  8.9
Shields        | 4 5 6 7 9 11 | 11.6
Armour         | 4 5 6 7 9 10 | 10.3
Long Blades    | |  2.4

Action                   |  1- 3 |  4- 6 |  7- 9 || total
-------------------------+-------+-------+-------++-------
Melee: Long sword        |    86 |   105 |   531 ||   722
       Headbutt          |    20 |    22 |   105 ||   147
  Use: Scroll            |       |       |    21 ||    21
  Eat: Chunk             |       |     4 |    16 ||    20
       Ration            |       |       |     2 ||     2
Armor: Scale mail        |    37 |    39 |   109 ||   185
       Plate armour      |       |       |    67 ||    67
Dodge: Dodged            |    25 |    28 |   151 ||   204
Block: Shield            |    48 |    60 |   386 ||   494
       Rpst.: Long sword |     8 |     9 |    51 ||    68
